AoeStats
← bthi68153

African Clearing

510525738Analyzed
4v4 RM · 23h ago on Oct 1, 2026· 51m 11s· 8 players
Game mode
Random Map
Map size
Large (8 player)
Population
200
Speed
Normal
Resources
Standard
Victory
Conquest
Starting age
Dark Age
Ending age
Imperial Age
RankedLock teamsTeams togetherTeam positionsShared explorationLock speedFull tech treeHidden civsTurbo modeCheats
Victory
Defeat
🇻🇳 Lithuanians · Vietnam
1127
+15
🇯🇵 Turks · Japan
1111
+15
🇨🇳 Goths · China
1089
+16
🇹🇼 Varangians · Taiwan
1080
+16
🇲🇽 Chinese · Mexico
1140
-49
🇹🇷 Bohemians · Türkiye
1109
-16
🇨🇱 Turks · Chile
1082
-15
🇨🇳 Burgundians · China
1037
-13
屋顶上的轻骑兵
3:27 Loom
RomaSaga
4:12 Loom
15:52 Feudal Age
20:00 Castle Age
18:36 Double-Bit Axe
19:57 Scale Barding Armor
21:09 Chain Barding Armor
24:09 Forging
26:11 Bloodlines
29:48 Iron Casting
33:04 Sanctity
34:00 Town Watch
36:37 Horse Collar
37:10 Bow Saw
41:29 Imperial Age
39:35 Wheelbarrow
39:33 Husbandry
39:45 Fletching
39:55 Padded Archer Armor
40:33 Bodkin Arrow
41:37 Thumb Ring
42:24 Leather Archer Armor
42:37 Parthian Tactics
42:39 Conscription
42:49 Parthian Tactics
42:55 Bracer
43:55 Sipahi
44:22 Hand Cart
45:11 Gold Mining
44:53 Heavy Cavalry Archer
46:47 Ring Archer Armor
48:37 Blast Furnace
48:13 Plate Barding Armor
48:22 Heavy Plow
48:59 Gold Shaft Mining
48:14 Stone Mining
50:09 Ballistics
49:46 Murder Holes
50:09 Masonry
49:55 Cavalier
kongdu
11:27 Loom
14:27 Feudal Age
19:25 Castle Age
19:18 Wheelbarrow
19:16 Double-Bit Axe
19:16 Horse Collar
20:34 Squires
21:48 Gambesons
27:44 Scale Mail Armor
27:56 Forging
27:32 Arson
28:31 Bow Saw
32:56 Fletching
33:07 Padded Archer Armor
35:53 Imperial Age
34:15 Hand Cart
34:10 Heavy Plow
34:26 Bodkin Arrow
34:47 Leather Archer Armor
35:21 Gold Mining
36:42 Iron Casting
36:37 Bloodlines
36:28 Husbandry
36:37 Cranequins
38:02 Heavy Mounted Crossbowman
40:56 Bracer
41:55 Scale Barding Armor
43:01 Chemistry
45:25 Ballistics
45:02 Murder Holes
45:22 Masonry
44:42 Capped Ram
45:55 Conscription
46:15 Siege Ram
50:26 Two-Man Saw
49:06 Vendel Legacy
bthi68153
7:04 Loom
14:20 Feudal Age
19:24 Castle Age
17:48 Double-Bit Axe
18:21 Horse Collar
18:35 Gold Mining
24:52 Stone Mining
27:04 Heavy Plow
27:15 Bow Saw
29:02 Wheelbarrow
30:06 Scale Barding Armor
30:51 Forging
31:29 Chain Barding Armor
32:55 Light Cavalry
33:47 Bloodlines
36:40 Imperial Age
35:38 Iron Casting
37:22 Cavalier
38:04 Winged Hussar
44:02 Iron Casting
45:59 Plate Barding Armor
YONG
9:48 Loom
18:47 Feudal Age
23:19 Castle Age
21:27 Fishing Lines
22:39 Double-Bit Axe
25:14 Wheelbarrow
25:16 Bow Saw
25:04 Gold Mining
25:06 Stone Mining
27:19 Hand Cart
30:17 Padded Archer Armor
30:07 Fletching
32:33 Horse Collar
34:37 Leather Archer Armor
34:17 Bodkin Arrow
34:15 Horse Collar
36:00 Gillnets
40:45 Gold Shaft Mining
41:23 Bloodlines
46:15 Squires
46:00 Arson
52:32 Imperial Age
51:31 Scale Barding Armor
51:38 Forging
Mrachnyy
13:13 Feudal Age
18:25 Castle Age
19:00 Double-Bit Axe
21:19 Chemistry
20:27 Loom
23:22 Wheelbarrow
22:32 Town Watch
27:04 Hand Cart
32:06 Imperial Age
32:49 Horse Collar
41:05 Padded Archer Armor
42:11 Leather Archer Armor
44:33 Ballistics
44:07 Fletching
44:48 Ring Archer Armor
44:36 Elite Skirmisher
45:51 Bodkin Arrow
46:24 Squires
46:33 Bracer
46:58 Conscription
46:48 Wagenburg Tactics
1602612460
6:46 Double-Bit Axe
11:48 Wheelbarrow
13:53 Feudal Age
18:05 Castle Age
17:24 Bow Saw
17:04 Horse Collar
17:57 Scale Barding Armor
18:10 Forging
笨包特爱玩
Connection lost

Rejoining the realm…

Still unreachable

The connection could not be restored.

Session expired

The server has moved on; the page needs a fresh start.